 Dungeon Crawl Stone Soup version 0.21.1-1-g345015fe64 (webtiles) character file.

227 Gargoyl the Skirmisher (level 5, -1/46 HPs)
             Began as a Centaur Abyssal Knight on May 20, 2018.
             Was a Believer of Lugonu.
             Slain by Menkaure (10 damage)
             ... on level 4 of the Dungeon.
             The game lasted 00:05:44 (3372 turns).

Gargoyl the Skirmisher (Centaur Abyssal Knight)     Turns: 3372, Time: 00:05:44

Health: -1/46      AC: 11    Str: 19    XL:     5   Next: 70%
Magic:  5/7        EV:  5    Int: 11    God:    Lugonu [**....]
Gold:   219        SH:  0    Dex: 10    Spells: 4/4 levels left

rFire    . . .     SeeInvis .   a - +1 hand axe
rCold    . . .     Gourm    .   (no shield)
rNeg     . . .     Faith    .   b - +0 chain mail
rPois    .         Spirit   .   e - +0 helmet
rElec    .         Reflect  .   f - +1 cloak
rCorr    .         Harm     .   (no gloves)
MR       .....                  (no barding)
Stlth    ..........             (no amulet)
HPRegen  0.15/turn              (no ring)
MPRegen  0.10/turn              (no ring)

@: mighty, very quick
A: large, hooves 3, deformed body, speed 2, tough skin 3
a: Depart the Abyss, Bend Space, Renounce Religion


You were on level 4 of the Dungeon.
You worshipped Lugonu.
Lugonu was pleased with you.
You were not hungry.

You visited 1 branch of the dungeon, and saw 4 of its levels.
You visited the Abyss 1 time.

You collected 219 gold pieces.

Inventory:

Hand Weapons
 a - a +1 hand axe (weapon)
Armour
 b - a +0 chain mail (worn)
 e - a +0 helmet (worn)
 f - a +1 cloak (worn)
Scrolls
 h - 2 scrolls of teleportation
 i - a scroll of identify
Potions
 d - a potion of flight {unknown}
 g - a potion of brilliance
 l - 2 potions of cancellation
 m - 2 potions of agility
 n - a potion of heal wounds {unknown}
 o - a potion of invisibility {unknown}
Comestibles
 c - 2 rations


   Skills:
 + Level 3.8 Fighting
 + Level 3.2 Axes
 * Level 2.7 Armour
 + Level 1.0 Dodging
 * Level 3.2 Invocations


You had 4 spell levels left.
You didn't know any spells.

Dungeon Overview and Level Annotations

Branches:
Dungeon (4/15)
 Temple: D:4-7

Altars:
Qazlal

Annotations:
D:4 Menkaure; tjtr's ghost, novice GnWn


Innate Abilities, Weirdness & Mutations

You have hooves in place of feet.
Armour fits poorly on your strangely shaped body.
You cover ground very quickly.
You have extremely tough skin. (AC +3)


Message History

Menkaure, Prince of Dust comes into view.
Menkaure shouts!
You hear a shout! x2
Menkaure gestures wildly while chanting.
Menkaure seems to speed up.
You hear a shout!
Found a ration.
An orc comes into view. It is wielding a dagger.
Menkaure hits you! Menkaure hits you!
* * * LOW HITPOINT WARNING * * *
You feel better. Menkaure hits you but does no damage.
Okay, then.
It was a potion of might.
You feel very mighty all of a sudden. Menkaure hits you.
* * * LOW HITPOINT WARNING * * *
You slash Menkaure!
Menkaure is moderately damaged.
Menkaure hits you!
You die...

... ... .....
###...... .
##.#...... ..
......... ...
#.#......
....###@#......
....o..M.......
..........%....
.....##.###....
....# #W# .#.
#### #.# # #.#
# #.# .. #.#
...


You could see Menkaure, tjtr's ghost and an orc.

Vanquished Creatures
  Jessica (D:2)
  Natasha (D:3)
  Robin (D:2)
  6 adders
  An ooze (D:2)
  3 worms
  3 dart slugs
  A leopard gecko (D:1)
  10 orcs (D:3)
  A ball python (D:3)
  9 bats
  4 giant cockroaches
  12 goblins
  9 hobgoblins
  3 jackals (D:3)
  2 quokkas (D:3)
  2 frilled lizards
  7 kobolds
  5 rats
81 creatures vanquished.

Notes
Turn   | Place    | Note
-------+----------+-------------------------------------------
     0 | Abyss:1  | Gargoyl the Centaur Abyssal Knight began the quest for the Orb.
     0 | Abyss:1  | Reached XP level 1. HP: 19/19 MP: 2/2
    40 | Abyss:1  | Noticed a large abomination
    92 | Abyss:2  | Noticed a red devil
   167 | Abyss:2  | Noticed a ynoxinul
   168 | D:1      | Escaped the Abyss
   482 | D:1      | Reached * piety under Lugonu
   496 | D:1      | Reached XP level 2. HP: 26/26 MP: 3/3
  1301 | D:2      | Reached XP level 3. HP: 31/31 MP: 4/4
  1314 | D:2      | Noticed Robin
  1597 | D:2      | Killed Robin
  1691 | D:2      | Found a stormy altar of Qazlal.
  1696 | D:2      | Noticed Jessica
  1707 | D:2      | Killed Jessica
  1707 | D:2      | Reached XP level 4. HP: 35/39 MP: 4/6
  2025 | D:2      | Found a faded altar of an unknown god.
  2093 | D:2      | Noticed a hippogriff
  2248 | D:3      | Reached ** piety under Lugonu
  2269 | D:3      | Reached skill level 1 in Dodging
  2269 | D:3      | Reached XP level 5. HP: 20/46 MP: 7/7
  2983 | D:3      | Noticed Natasha
  2996 | D:3      | Killed Natasha
  3141 | D:3      | Reached *** piety under Lugonu
  3335 | D:4      | Noticed tjtr's ghost (novice GnWn)
  3365 | D:4      | Noticed Menkaure
  3372 | D:4      | Slain by Menkaure

Skill      XL: |  1  2  3  4  5 |
---------------+----------------+-----
Axes           | 2 3 |  3.2
Armour         | 2 |  2.7
Dodging        | 1 |  1.0
Invocations    | 3 |  3.2
Fighting       | |  3.8

Action                   |  1- 3 |  4- 6 || total
-------------------------+-------+-------++-------
Melee: Hand axe          |    87 |   131 ||   218
       Kick              |    10 |    20 ||    30
Invok: Depart the Abyss  |     1 |       ||     1
       Banish            |       |     1 ||     1
  Use: Scroll            |     5 |     5 ||    10
       Potion            |     1 |     2 ||     3
  Eat: Ration            |     1 |     1 ||     2
Armor: Ring mail         |    16 |       ||    16
       Chain mail        |    59 |   154 ||   213
Dodge: Dodged            |    28 |    51 ||    79
